 Dungeon Crawl Stone Soup version 0.25-a0-834-g55863b0 (webtiles) character file.

Game seed: 1344604900580048496, levelgen mode: deterministic

28624 BlueFish the Thaumaturge (level 13, -11/97 HPs)
             Began as a Mummy Wizard on Apr 22, 2020.
             Was the Champion of Kikubaaqudgha.
             Killed from afar by a rime drake (15 damage)
             ... with a flash freeze
             ... on level 4 of the Lair of Beasts.
             The game lasted 01:00:05 (18027 turns).

BlueFish the Thaumaturge (Mummy Wizard)            Turns: 18027, Time: 01:00:06

Health: -11/97     AC: 12    Str: 14    XL:     13   Next: 10%
Magic:  40/40      EV: 16    Int: 22    God:    Kikubaaqudgha [******]
Gold:   1438       SH: 16    Dex: 15    Spells: 6/41 levels left

rFire    . . .     SeeInvis .   g - staff of wizardry
rCold    + + .     Gourm    .   e - +3 buckler "Keen Ant" {rC+ MR+ Str+4 Dex+4}
rNeg     + + +     Faith    .   D - +2 robe {MR+}
rPois    ∞         Spirit   .   x - +1 helmet
rElec    .         Reflect  +   H - +2 cloak
rCorr    .         Harm     .   u - +1 pair of gloves "Icsonu" {Slay+3 Stlth+}
MR       +++..                  h - +0 pair of boots
Stlth    +++++.....             q - brooch of Shielding {Reflect SH+8}
HPRegen  0.26/turn              v - ring of protection from fire
MPRegen  0.27/turn              n - ring of magical power

@: studying 3 skills
A: no food or potions, fire vulnerability, cold resistance 1, negative energy
resistance 3, torment resistance, unbreathing, in touch with death 1
a: Receive Corpses, Torment, Brand Weapon With Pain, Receive Necronomicon,
Renounce Religion


You were on level 4 of the Lair of Beasts.
You worshipped Kikubaaqudgha.
Kikubaaqudgha was exalted by your worship.
You were not hungry.

You visited 3 branches of the dungeon, and saw 16 of its levels.
You also visited: Sewer.

You collected 1438 gold pieces.

Inventory:

Hand Weapons
 a - a +5 dagger of freezing
 r - a +2 short sword of flaming
 F - a +5 vampiric short sword
Armour
 e - the +3 buckler "Keen Ant" (worn) {rC+ MR+ Str+4 Dex+4}
   (You found it on level 5 of the Dungeon)

   It affects your strength (+4).
   It affects your dexterity (+4).
   It protects you from cold.
   It affects your resistance to hostile enchantments.
 h - a +0 pair of boots (worn)
 u - the +1 pair of gloves "Icsonu" (worn) {Slay+3 Stlth+}
   (You found it on level 6 of the Dungeon)

   It affects your accuracy and damage with ranged weapons and melee attacks
   (+3).
   It makes you more stealthy.
 x - a +1 helmet (worn)
 D - a +2 robe of magic resistance (worn)
 H - a +2 cloak (worn)
 N - a +1 kite shield of protection
Magical Staves
 g - an uncursed staff of wizardry (weapon)
Jewellery
 c - an uncursed ring of stealth {unknown}
 k - an uncursed ring of protection from cold
 n - a ring of magical power (right hand)
 q - the brooch of Shielding (around neck) {Reflect SH+8}
   (You found it on level 5 of the Dungeon)

   [amulet of reflection]

   It shields you and reflects attacks.
   It affects your SH (+8).
 s - a +2 ring of intelligence
 v - a ring of protection from fire (left hand)
 w - a +2 ring of evasion
 z - an uncursed ring of magical power
 B - an uncursed ring of resist corrosion
 I - an uncursed ring of see invisible {unknown}
 K - a cursed ring of positive energy {unknown}
Wands
 t - a wand of flame (20)
 G - a wand of scattershot (2)
Scrolls
 b - a scroll of silence
 d - 6 scrolls of remove curse
 f - 5 scrolls of teleportation
 i - 5 scrolls of fear
 j - 3 scrolls of blinking
 l - 4 scrolls of fog
 m - 2 scrolls of enchant armour {unknown}
 o - 6 scrolls of amnesia
 p - 5 scrolls of enchant weapon
 A - 2 scrolls of vulnerability {unknown}
 C - 2 scrolls of magic mapping
 E - 2 scrolls of immolation {unknown}
 J - a scroll of noise {unknown}
Books
 y - a manual of Short Blades
 L - a manual of Polearms
 M - a manual of Slings


   Skills:
 * Level 7.6 Fighting
 + Level 5.1 Short Blades
 + Level 0.6 Staves
 * Level 6.9 Dodging
 * Level 7.7 Stealth
 + Level 3.8 Shields
 * Level 14.5 Spellcasting
 + Level 2.7 Conjurations
 + Level 0.8 Hexes
 + Level 2.1 Summonings
 * Level 9.6 Necromancy
 + Level 0.9 Translocations
 + Level 1.5 Air Magic
 + Level 1.2 Poison Magic
 * Level 1.2 Evocations


You had 6 spell levels left.
You knew the following spells:

 Your Spells              Type           Power        Failure   Level  Hunger
a - Pain                  Necr           ####         1%          1    N/A
b - Blink                 Tloc           N/A          1%          2    N/A
c - Call Imp              Summ           ####....     1%          2    N/A
d - Slow                  Hex            ###.....     1%          2    N/A
e - Mephitic Cloud        Conj/Pois/Air  ###.....     2%          3    N/A
f - Magic Dart            Conj           ####         1%          1    N/A
g - Vampiric Draining     Necr           ######....   1%          3    N/A
h - Corpse Rot            Necr/Air       N/A          1%          2    N/A
i - Dispel Undead         Necr           ######..     1%          4    N/A
j - Animate Dead          Necr           N/A          1%          4    N/A
k - Agony                 Necr           ######..     1%          5    N/A
l - Death Channel         Necr           ######....   4%          6    N/A

Your spell library contained the following spells:

 Spells                   Type           Power        Failure   Level  Hunger
 Animate Skeleton         Necr           N/A          1%          1    N/A
 Summon Small Mammal      Summ           ####         1%          1    N/A
 Call Canine Familiar     Summ           ####....     1%          3    N/A
 Conjure Flame            Conj/Fire      ###.....     2%          3    N/A
 Summon Guardian Golem    Hex/Summ       ###.....     2%          3    N/A
 Excruciating Wounds      Chrm/Necr      ######....   6%          5    N/A
 Summon Lightning Spire   Summ/Air       ###.....     8%          4    N/A
 Summon Ice Beast         Ice/Summ       ###.....     10%         4    N/A
 Simulacrum               Ice/Necr       ######....   32%         6    N/A

Dungeon Overview and Level Annotations

Branches:
Dungeon (11/15)            Temple (1/1) D:4            Lair (4/6) D:10
 Spider (0/4) Lair:3        Sewer (visited)
  Swamp: Lair:2-4    Shoals: Lair:2-4       Orc: D:9-12

Altars:
Ashenzari
Cheibriados
Dithmenos
Elyvilon
Fedhas
Gozag
Hepliaklqana
Kikubaaqudgha
Makhleb
Nemelex Xobeh
Okawaru
Qazlal
Ru
Sif Muna
Trog
Uskayaw
Vehumet
Wu Jian
Xom
Yredelemnul
Zin
The Shining One
Lugonu

Shops:
D:7 %


Innate Abilities, Weirdness & Mutations

You do not eat or drink.
Your flesh is vulnerable to fire.
You are immune to poison.
Your flesh is cold resistant. (rC+)
You are immune to negative energy. (rN+++)
You are immune to unholy pain and torment.
You can survive without breathing.
You are in touch with the powers of death.


Message History

Your spectral spiny frog is destroyed!
The seven-headed hydra bites your spectral yak. x2
The seven-headed hydra completely misses your spectral yak.
The electric eel shoots out a bolt of lightning at you!
The bolt of electricity hits you!
* * * LOW HITPOINT WARNING * * *
Your spectral yak gores the seven-headed hydra!
The seven-headed hydra bites your spectral yak!
The seven-headed hydra bites your spectral yak but does no damage.
The seven-headed hydra bites your spectral yak!
The seven-headed hydra bites your spectral yak but does no damage.
The seven-headed hydra bites your spectral yak!
Your spectral yak is destroyed!
The electric eel shoots out a bolt of lightning at you!
The bolt of electricity hits the plant!
The bolt of electricity hits you!
* * * LOW HITPOINT WARNING * * *
The rime drake breathes ice at you. The flash freeze hits you!
You partially resist.
You die...
Kikubaaqudgha rasps: "You have failed me!
Welcome... oblivion!"

≈≈P≈♣≈;♣;..##
≈≈≈≈≈PY♣..D#
♣P....# #..Yk.##
♣♣#......#
♣P......P#
##......##
##......##
#..@.....#
##.......#
#......P# ###
#.......#
#.####......##
#..##........##
##........#.P#.#
#........#######
##.......##


You could see a seven-headed hydra, a rime drake and 2 dream sheep.

Vanquished Creatures
  Fannar (Lair:1)
  Harold (D:11)
  A queen ant (D:9)
  6 two-headed ogres
  2 ugly things (D:11)
  2 cyclopes (D:11)
  2 spiny frogs (Lair:4)
  A centaur zombie (D:11)
  6 elephants
  2 gargoyles
  A rime drake (Lair:3)
  A komodo dragon (Lair:1)
  A troll (D:10)
  Prince Ribbit (D:8)
  7 blink frogs
  3 hippogriffs
  A meliai zombie (D:11)
  A shadow (D:11)
  A wyvern (Lair:3)
  14 yaks
  A human (D:11)
  Grum (D:11)
  A hungry ghost (D:10)
  3 wargs (D:10)
  5 water moccasins
  5 soldier ants (D:10)
  5 porcupines
  Duvessa (D:6)
  4 orc warriors
  3 sky beasts
  2 ice beasts
  2 eyes of draining (D:11)
  A hornet zombie (D:11)
  4 ogres
  4 necrophages
  7 wolves
  4 centaurs
  6 crocodiles
  2 big kobolds
  8 bullfrogs
  2 gnoll sergeants (D:9)
  A wyvern zombie (D:11)
  4 scorpions
  17 killer bees
  Dowan (D:6)
  6 wights
  7 howler monkeys
  An electric eel (Lair:1)
  4 crimson imps
  3 bullfrog zombies
  7 jellies
  A centaur skeleton (D:11)
  A hound (D:3)
  8 orc priests
  11 orc wizards
  3 iguanas
  27 worker ants
  A bullfrog simulacrum (D:11)
  A hound skeleton (D:6)
  A howler monkey zombie (D:10)
  4 worker ant zombies
  6 gnolls (D:9)
  10 adders
  3 shadow imps
  6 oozes
  2 adder skeletons
  A worm (shapeshifter) (D:11)
  A worm (D:6)
  5 leopard geckos
  29 orcs
  A bat (D:1)
  7 giant cockroaches
  4 hobgoblins
  7 jackals
  5 quokkas
  A ball python (D:1)
  3 frilled lizards
  4 goblins
  14 kobolds
  A quokka skeleton (D:6)
  8 rats
353 creatures vanquished.

Vanquished Creatures (collateral kills)
  A hydra (Lair:3)
  4 oklob plants (Lair:3)
  3 elephants (Lair:3)
  A spiny frog (Lair:3)
  A rime drake (Lair:4)
  A polar bear (Lair:3)
  Grinder (D:4)
  2 blink frogs (Lair:3)
  3 hippogriffs
  A dream sheep (Lair:4)
  Sigmund (D:5)
  5 yaks (Lair:4)
  4 water moccasins
  A porcupine (Lair:3)
  A sky beast (D:4)
  A phantom (D:4)
  A crocodile (Lair:4)
  A big kobold (Sewer)
  A bullfrog (Lair:4)
  A scorpion (D:9)
  A killer bee (D:10)
  A bullfrog skeleton (D:6)
  3 worker ants
  4 adders
  A shadow imp (D:5)
  An adder skeleton (D:4)
  3 worms
  An orc (D:11)
  A giant cockroach (D:3)
  2 hobgoblins (D:3)
  2 jackals
  A quokka (D:3)
  A ball python (D:3)
  2 kobolds (Sewer)
  A quokka skeleton (D:4)
  2 rats (Sewer)
  A fungus (Lair:2)
  2 plants (Lair:3)
65 creatures vanquished.

Vanquished Creatures (others)
  2 centaurs (D:11)
  An orc (D:7)
  A kobold (D:10)
  7 plants
11 creatures vanquished.

Grand Total: 429 creatures vanquished

Notes
Turn   | Place    | Note
-------+----------+-------------------------------------------
     0 | D:1      | BlueFish the Mummy Wizard began the quest for the Orb.
     0 | D:1      | Reached XP level 1. HP: 13/13 MP: 5/5
   620 | D:1      | Reached XP level 2. HP: 20/20 MP: 5/7
   624 | D:1      | Learned a level 2 spell: Blink
   627 | D:1      | Learned a level 2 spell: Call Imp
   630 | D:1      | Learned a level 2 spell: Slow
  1101 | D:2      | Reached skill level 1 in Fighting
  1531 | D:2      | Reached XP level 3. HP: 26/26 MP: 9/9
  1536 | D:2      | Learned a level 3 spell: Mephitic Cloud
  1771 | D:3      | Found a basalt altar of Yredelemnul.
  1773 | D:3      | Noticed a profane servitor
  1864 | D:3      | Found an iron altar of Okawaru.
  1880 | D:3      | Reached skill level 5 in Spellcasting
  1920 | D:3      | Found a glowing drain.
  1941 | Sewer    | Entered a sewer
  2067 | Sewer    | Noticed a big kobold
  2075 | Sewer    | Killed a big kobold
  2075 | Sewer    | Reached skill level 1 in Conjurations
  2075 | Sewer    | Reached skill level 1 in Summonings
  2075 | Sewer    | Reached XP level 4. HP: 33/33 MP: 7/11
  2170 | Sewer    | Found a white marble altar of Elyvilon.
  2306 | D:3      | Found a burning altar of Makhleb.
  2476 | D:3      | Found a glowing golden altar of the Shining One.
  2589 | D:3      | Reached XP level 5. HP: 34/38 MP: 13/13
  2653 | D:3      | Found an ancient bone altar of Kikubaaqudgha.
  2799 | D:3      | Reached skill level 6 in Spellcasting
  3118 | D:3      | Noticed an angel
  3208 | D:4      | Noticed Grinder
  3600 | D:4      | Found a staircase to the Ecumenical Temple.
  3619 | Temple   | Entered the Ecumenical Temple
  3692 | D:4      | Paralysed by Grinder for 5 turns
  3698 | D:4      | Noticed a phantom
  3711 | D:4      | Paralysed by Grinder for 6 turns
  3725 | D:4      | Paralysed by Grinder for 5 turns
  3751 | D:4      | Killed Grinder
  3751 | D:4      | Reached XP level 6. HP: 12/46 MP: 8/15
  4066 | D:3      | Became a worshipper of Kikubaaqudgha
  4101 | D:4      | Found a bloodstained altar of Trog.
  4285 | D:4      | Reached skill level 7 in Spellcasting
  4285 | D:4      | Reached XP level 7. HP: 18/52 MP: 17/17
  4660 | D:5      | Entered Level 5 of the Dungeon
  4660 | D:5      | Noticed Sigmund
  4741 | D:5      | Found a white marble altar of Elyvilon.
  4799 | D:5      | Killed Sigmund
  5033 | D:5      | Got a steaming buckler
  5039 | D:5      | Identified the +3 buckler "Keen Ant" {rC+ MR+ Str+4 Dex+4}
                  | (You found it on level 5 of the Dungeon)
  5302 | D:5      | Reached skill level 8 in Spellcasting
  5593 | D:5      | Found an ornate altar of the Wu Jian Council.
  5605 | D:5      | Reached XP level 8. HP: 52/58 MP: 20/20
  5684 | D:5      | Found the brooch of Shielding {Reflect SH+8}
  5849 | D:6      | Reached * piety under Kikubaaqudgha
  5849 | D:6      | Identified Kikubaaqudgha's Incunabulum of Unholy Arts
                  | (Kikubaaqudgha gifted it to you on level 6 of the Dungeon)
  5849 | D:6      | Received a gift from Kikubaaqudgha
  5853 | D:6      | Learned a level 1 spell: Pain
  5857 | D:6      | Learned a level 3 spell: Vampiric Draining
  5870 | D:6      | Learned a level 2 spell: Corpse Rot
  6428 | D:6      | Noticed Dowan
  6430 | D:6      | Killed Dowan
  6434 | D:6      | Noticed Duvessa
  6452 | D:6      | Killed Duvessa
  6452 | D:6      | Reached skill level 1 in Necromancy
  6583 | D:6      | Got a pair of pitted gloves
  6589 | D:6      | Identified the +1 pair of gloves "Icsonu" {Slay+3 Stlth+}
                  | (You found it on level 6 of the Dungeon)
  6617 | D:6      | Reached skill level 9 in Spellcasting
  6766 | D:6      | Reached skill level 1 in Short Blades
  7140 | D:6      | Reached XP level 9. HP: 60/66 MP: 22/22
  7233 | D:7      | Found a snail-covered altar of Cheibriados.
  7238 | D:7      | Found a shimmering blue altar of Sif Muna.
  7285 | D:7      | Reached ** piety under Kikubaaqudgha
  7364 | D:7      | Reached skill level 5 in Fighting
  7400 | D:7      | Reached skill level 1 in Shields
  7613 | D:7      | Found a sparkling altar of Nemelex Xobeh.
  7628 | D:7      | Found a radiant altar of Vehumet.
  7817 | D:7      | Found Ulynitta's Food Emporium.
  7931 | D:7      | Found a shattered altar of Ashenzari.
  8007 | D:7      | Found a stormy altar of Qazlal.
  8008 | D:7      | Found a hide-covered altar of Uskayaw.
  8455 | D:8      | Noticed Prince Ribbit
  8494 | D:8      | Killed Prince Ribbit
  8494 | D:8      | Reached skill level 5 in Stealth
  8494 | D:8      | Reached skill level 10 in Spellcasting
  8787 | D:8      | Found a glowing silver altar of Zin.
  9192 | D:9      | Reached XP level 10. HP: 60/74 MP: 24/24
  9206 | D:9      | Reached *** piety under Kikubaaqudgha
  9206 | D:9      | Identified Kikubaaqudgha's Papyrus of Sinister Magic
                  | (Kikubaaqudgha gifted it to you on level 9 of the Dungeon)
  9206 | D:9      | Received a gift from Kikubaaqudgha
  9206 | D:9      | Reached skill level 5 in Necromancy
  9227 | D:9      | Learned a level 4 spell: Dispel Undead
  9232 | D:9      | Learned a level 4 spell: Animate Dead
  9238 | D:9      | Learned a level 5 spell: Agony
  9585 | D:9      | Noticed a two-headed ogre
  9597 | D:9      | Killed a two-headed ogre
  9858 | D:10     | Entered Level 10 of the Dungeon
  9858 | D:10     | Found a staircase to the Lair.
  9858 | D:10     | Noticed a two-headed ogre
  9859 | D:10     | Noticed a gargoyle
  9859 | D:10     | Noticed a two-headed ogre
  9867 | D:10     | Killed a gargoyle
  9867 | D:10     | Reached skill level 5 in Dodging
 10272 | D:9      | Killed a two-headed ogre
 10272 | D:9      | Reached skill level 11 in Spellcasting
 10571 | D:10     | Reached **** piety under Kikubaaqudgha
 10852 | D:9      | Reached XP level 11. HP: 72/81 MP: 26/26
 10862 | D:10     | Killed a two-headed ogre
 11405 | D:10     | Noticed a queen ant
 11424 | D:10     | Reached skill level 1 in Air Magic
 11432 | D:10     | Reached skill level 1 in Poison Magic
 11441 | D:10     | Reached skill level 12 in Spellcasting
 11489 | D:9      | Killed a queen ant
 12055 | D:11     | Reached ***** piety under Kikubaaqudgha
 12207 | D:11     | Noticed Grum
 12221 | D:10     | HP: 4/83 [wolf[Grum] (2)]
 12599 | D:11     | Noticed a white ugly thing
 12680 | D:11     | Noticed a red ugly thing
 12702 | D:11     | Killed a white ugly thing
 12852 | D:11     | Killed a white ugly thing
 13113 | D:11     | Killed Grum
 13209 | D:11     | Noticed Harold
 13242 | D:11     | Killed Harold
 13248 | D:11     | Reached skill level 13 in Spellcasting
 13375 | D:11     | Reached XP level 12. HP: 91/91 MP: 6/29
 13506 | D:11     | Noticed a two-headed ogre
 13516 | D:11     | Killed a two-headed ogre
 13523 | D:11     | Noticed a two-headed ogre
 13527 | D:11     | Noticed a two-headed ogre
 13547 | D:11     | Killed a two-headed ogre
 13547 | D:11     | Reached skill level 5 in Short Blades
 13555 | D:11     | Killed a two-headed ogre
 14263 | Lair:1   | Entered Level 1 of the Lair of Beasts
 14420 | Lair:1   | Noticed Fannar
 14491 | Lair:1   | Killed Fannar
 15524 | Lair:2   | Learned a level 6 spell: Death Channel
 16017 | Lair:2   | Reached skill level 14 in Spellcasting
 16418 | Lair:3   | Reached skill level 1 in Evocations
 16844 | Lair:3   | Noticed a five-headed hydra
 16883 | Lair:3   | Killed a five-headed hydra
 16918 | Lair:3   | Gained mutation: You are in touch with the powers of death.
                  | [Mummy growth]
 16918 | Lair:3   | Reached XP level 13. HP: 60/97 MP: 9/31
 17088 | Lair:3   | Reached ****** piety under Kikubaaqudgha
 17119 | Lair:3   | Found a hole to the Spider Nest.
 18024 | Lair:4   | HP: 4/97 [electric eel/bolt of electricity (10)]
 18027 | Lair:4   | Killed from afar by a rime drake

Levels and vault maps discovered:
D:1:      scummos_arrival_gate, layout_basic
D:2:      layout_rooms, kennysheep_big_empty_room, minivault_14
D:3:      layout_loops_corners, grunt_temple_overflow_holy_war,
          lemuel_crystal_altar, lemuel_doored_altar,
          nicolae_overflow_hidden_temple, cheibrodos_sewer_entry_bend
D:4:      layout_rooms, bloody_trog, minmay_temple_entry_offerings,
          grunt_ministairs_4, uniq_grinder
D:5:      layout_rooms, old_standard_altar, elyvilon_altar_3, first_ration,
          minmay_misc_feat_diagonals, uniq_sigmund
D:6:      layout_gridville, uniq_duvessa
D:7:      layout_cave_pools, nemelex_xobeh_ov_fountains_minmay,
          overflow_temple_1_default, grunt_temple_overflow_open, minitemple,
          serial_shops, shop
D:8:      layout_basic, zin_treasury, uniq_prince_ribbit1
D:9:      layout_long_grid, hangedman_little_slice_of_home
D:10:     layout_cross, erik_lair_orcish_takeover, minmay_another_anthill
D:11:     hangedman_cross_cluster, layout_irregular_city, serial_undead,
          serial_undead_d, serial_undead_a, serial_undead_e, serial_undead_d,
          serial_undead_a, serial_shops, bzr_entry_customers, uniq_grum,
          uniq_harold
Temple:   corrupted_temple
Lair:1:   layout_hall_layers, serial_bayou_shore_a, uniq_fannar
Lair:2:   layout_regular_city, st_stairs_9, grunt_forest_stairs_basic
Lair:3:   layout_gridlike, spider_nest_entry_web_field,
          minmay_lair_oklob_chamber
Lair:4:   layout_cellular_growth, minmay_shoals_entry_hut, serial_bayou,
          serial_bayou_pond_c, serial_bayou_pond_d, serial_bayou_lake_a,
          serial_bayou_pond_d, nzn_random_ring

Skill      XL: |  1  2  3  4  5  6  7  8  9 10 11 12 |
---------------+-------------------------------------+-----
Fighting       | 1 2 3 4 5 6 7 |  7.6
Spellcasting   | 5 6 7 8 9 10 11 13 14 | 14.5
Conjurations   | 1 2 |  2.7
Summonings     | 1 2 |  2.1
Stealth        | 2 3 4 5 6 7 |  7.7
Dodging        | 2 3 4 5 6 |  6.9
Necromancy     | 2 4 6 8 9 |  9.6
Short Blades   | 1 2 3 4 5 |  5.1
Shields        | 1 2 3 |  3.8
Air Magic      | 1 |  1.5
Poison Magic   | 1 |  1.2
Evocations     | 1 |  1.2
Staves         | |  0.6
Hexes          | |  0.8
Translocations | |  0.9

Action                   |  1- 3 |  4- 6 |  7- 9 | 10-12 | 13-15 || total
-------------------------+-------+-------+-------+-------+-------++-------
Melee: Short sword       |    10 |    61 |   261 |   431 |       ||   763
       Staff             |       |       |       |   186 |    31 ||   217
 Cast: Magic Dart        |    84 |    52 |    57 |    35 |       ||   228
       Call Imp          |    20 |    29 |    12 |    10 |       ||    71
       Mephitic Cloud    |       |     2 |    19 |    53 |     3 ||    77
       Blink             |       |     5 |       |     3 |       ||     8
       Pain              |       |       |   103 |   239 |    21 ||   363
       Vampiric Draining |       |       |    20 |   118 |     8 ||   146
       Dispel Undead     |       |       |       |    22 |       ||    22
       Animate Dead      |       |       |       |     5 |     4 ||     9
       Death Channel     |       |       |       |     3 |     3 ||     6
       Slow              |       |       |       |     2 |       ||     2
  Use: Scroll            |     3 |     1 |     4 |     4 |       ||    12
 Stab: Sleeping          |     1 |     2 |     4 |     1 |     1 ||     9
       Confused          |       |     1 |     9 |    42 |     1 ||    53
Armor: Robe              |     7 |    10 |    34 |   135 |     1 ||   187
Dodge: Dodged            |    24 |    44 |    92 |   372 |    15 ||   547
Block: Buckler           |       |       |   171 |   647 |    31 ||   849
       Reflection        |       |       |     4 |    28 |       ||    32

Table legend:
 A = Non-vault XP
 B = Vault XP
 C = Vault XP percentage of total XP
 D = Non-vault monster count
 E = Vault monster count
 F = Vault count percentage of total count
                 A         B        C        D         E       F
            +---------+---------+-------+---------+---------+-------
      Total |   25105 |   15787 |  38.6 |     309 |     110 |  26.3
            +---------+---------+-------+---------+---------+-------
        D:1 |      13 |       0 |   0.0 |       9 |       0 |   0.0
        D:2 |      29 |       0 |   0.0 |      12 |       0 |   0.0
        D:3 |     170 |       6 |   3.4 |      26 |       2 |   7.1
        D:4 |     397 |     259 |  39.5 |      15 |       2 |  11.8
        D:5 |     374 |     166 |  30.7 |      12 |       1 |   7.7
        D:6 |    1145 |     198 |  14.7 |      40 |       2 |   4.8
        D:7 |    1003 |       0 |   0.0 |      20 |       0 |   0.0
        D:8 |     918 |     283 |  23.6 |      17 |       1 |   5.6
        D:9 |    4722 |    1047 |  18.1 |      37 |      11 |  22.9
       D:10 |    2806 |    2271 |  44.7 |      37 |      32 |  46.4
       D:11 |    3214 |    7762 |  70.7 |      24 |      39 |  61.9
     Lair:1 |    1198 |    1028 |  46.2 |       9 |       1 |  10.0
     Lair:2 |    3333 |     151 |   4.3 |      16 |       1 |   5.9
     Lair:3 |    3653 |    2562 |  41.2 |      21 |       9 |  30.0
     Lair:4 |    2130 |       0 |   0.0 |      14 |       0 |   0.0
      Sewer |       0 |      54 | 100.0 |       0 |       9 | 100.0
            +---------+---------+-------+---------+---------+-------
